 Dungeon Crawl Stone Soup version 0.23.2-1-ga50397a (webtiles) character file.

Game seed: 14484775194015776084

5735 Bluemoon111 the Geomancer (level 10, 0/59 HPs)
             Began as a Gargoyle Earth Elementalist on May 26, 2019.
             Was a Follower of Vehumet.
             Slain by a seven-headed hydra (6 damage)
             ... on level 10 of the Dungeon.
             The game lasted 00:59:08 (11980 turns).

Bluemoon111 the Geomancer (GrEE)                   Turns: 11980, Time: 00:59:09

Health: 0/59       AC: 13    Str: 11    XL:     10   Next: 77%
Magic:  1/19       EV: 14    Int: 27    God:    Vehumet [*.....]
Gold:   614        SH:  0    Dex: 12    Spells: 3/21 levels left

rFire    . . .     SeeInvis .   I - +5 hand axe of Wusah {drain, *Drain Int+7 Dex+2 Stlth+}
rCold    . . .     Gourm    .   (no shield)
rNeg     + . .     Faith    .   x - +0 robe
rPois    ∞         Spirit   .   t - +1 hat
rElec    +         Reflect  .   E - +0 cloak
rCorr    .         Harm     .   (no gloves)
MR       .....                  L - +0 pair of boots
Stlth    +++.......             (no amulet)
HPRegen  0.19/turn              i - +3 ring of slaying
MPRegen  0.16/turn              Z - ring of wizardry

@: no status effects
A: negative energy resistance 1, electricity resistance, unbreathing,
petrification resistance, rot immunity, AC +7
a: Renounce Religion


You were on level 10 of the Dungeon.
You worshipped Vehumet.
Vehumet was aware of your devotion.
You were not hungry.

You visited 2 branches of the dungeon, and saw 12 of its levels.

You collected 614 gold pieces.

Inventory:

Hand Weapons
 w - a +0 flail
 F - a +3 quarterstaff of draining
 I - the +5 hand axe of Wusah (weapon) {drain, *Drain Int+7 Dex+2 Stlth+}
   (You found it on level 6 of the Dungeon)

   A truly terrible weapon, it drains the life of those it strikes.
   It affects your intelligence (+7).
   It affects your dexterity (+2).
   It causes draining when unequipped.
   It makes you more stealthy.
Missiles
 b - 221 stones (quivered)
Armour
 t - a +1 hat (worn)
 x - a +0 robe (worn)
 D - a +1 leather armour of fire resistance
 E - a +0 cloak (worn)
 L - a +0 pair of boots (worn)
 R - a +3 leather armour of cold resistance
 U - a +0 buckler
Magical Staves
 Q - an uncursed staff of wizardry
Jewellery
 e - an uncursed ring of fire
 i - a +3 ring of slaying (left hand)
 Z - a ring of wizardry (right hand)
Wands
 c - a wand of acid (16)
 C - a wand of flame (20)
 O - a wand of polymorph (14)
 Y - a wand of clouds (3)
Scrolls
 a - 3 scrolls of amnesia {unknown}
 f - 3 scrolls of fear
 g - 7 scrolls of remove curse
 j - 2 scrolls of noise {unknown}
 k - 4 scrolls of identify
 l - 3 scrolls of enchant armour {unknown}
 p - a scroll of random uselessness {unknown}
 r - a scroll of fog {unknown}
 s - 5 scrolls of teleportation {unknown}
 z - 2 scrolls of blinking {unknown}
 G - 5 scrolls of magic mapping
 H - a scroll of vulnerability {unknown}
 K - a scroll of torment {unknown}
 M - 2 scrolls of acquirement {unknown}
 S - 2 scrolls of immolation {unknown}
 W - a scroll of holy word {unknown}
Potions
 h - 4 potions of agility
 m - a potion of magic
 n - 4 potions of curing
 q - 3 potions of brilliance
 u - a potion of cancellation {unknown}
 v - 4 potions of heal wounds
 A - 2 potions of mutation
 B - 2 potions of haste
 N - a potion of invisibility {unknown}
 P - a potion of resistance {unknown}
 T - a potion of lignification {unknown}
Comestibles
 d - 9 rations
 o - 3 chunks of flesh


   Skills:
 + Level 5.0 Fighting
 + Level 4.4 Maces & Flails
 + Level 5.1 Armour
 + Level 4.1 Dodging
 - Level 2.1 Stealth
 - Level 4.0 Shields
 + Level 6.2 Spellcasting
 + Level 6.4 Conjurations
 - Level 0.7 Transmutations
 + Level 8.6 Earth Magic
 + Level 4.1 Evocations


You had 3 spell levels left.
You knew the following spells:

 Your Spells              Type           Power        Failure   Level  Hunger
a - Sandblast             Erth           ######       1%          1    None
b - Stone Arrow           Conj/Erth      #####.       1%          3    None
c - Lee's Rapid Deconstr  Erth           ######....   1%          5    #####..
d - Conjure Flame         Conj/Fire      ####....     1%          3    None
e - Sticky Flame          Conj/Fire      ####....     7%          4    ###....
p - Passwall              Tmut/Erth      ####....     1%          2    None

Your spell library contained the following spells:

 Spells                   Type           Power        Failure   Level  Hunger
 Throw Frost              Conj/Ice       ####..       1%          2    None
 Flame Tongue             Conj/Fire      ####.        1%          1    None
 Throw Flame              Conj/Fire      ####..       1%          2    None
 Inner Flame              Hex/Fire       #.......     8%          3    None
 Petrify                  Tmut/Erth      ####....     3%          4    ###....
 Fireball                 Conj/Fire      ####......   19%         5    #####..


Dungeon Overview and Level Annotations

Branches:
Dungeon (11/15)            Temple (1/1) D:5             Orc (0/2) D:9
   Lair: D:8-11

Altars:
Ashenzari
Cheibriados
Dithmenos
Elyvilon
Fedhas
Gozag
Hepliaklqana
Kikubaaqudgha
Makhleb
Nemelex Xobeh
Okawaru
Qazlal
Ru
Sif Muna
Trog
Uskayaw
Vehumet
Wu Jian
Xom
Yredelemnul
Zin
The Shining One

Shops:
D:5 *


Innate Abilities, Weirdness & Mutations

You are resistant to torment.
Your stone body is resilient. (AC +7)
You are immune to poison.
You resist negative energy. (rN+)
You are resistant to electric shocks. (rElec)
You can survive without breathing.
You are immune to petrification.
You are immune to rotting.


Message History

The seven-headed hydra bites you but does no damage. x2
The seven-headed hydra bites you.
The seven-headed hydra barely misses you.
The seven-headed hydra bites you! The seven-headed hydra bites you. x2
The seven-headed hydra bites you but does no damage.
The seven-headed hydra bites you!
* * * LOW HITPOINT WARNING * * *
The seven-headed hydra bites you.
* * * LOW HITPOINT WARNING * * *
You feel better. The seven-headed hydra bites you.
* * * LOW HITPOINT WARNING * * *
The seven-headed hydra bites you.
* * * LOW HITPOINT WARNING * * *
The seven-headed hydra barely misses you.
The seven-headed hydra bites you.
* * * LOW HITPOINT WARNING * * *
The seven-headed hydra closely misses you.
The seven-headed hydra bites you but does no damage.
The seven-headed hydra bites you.
You die...

#.####.# #.# #.#
#.# #.# #<# #(#
### #.# #.#
################.#
...............D>#
.....^.###.#####@#
######.# #.# #.#
.....#.# #.# #.#
##.#.#.###.# #.#
.#.#....##.# #.#
....<...##.# #.#
.##.....##.# #.#
.#......##.# #.#
##...#.###.# #.#


You could see a seven-headed hydra.

Vanquished Creatures
  Harold (D:8)
  An ugly thing (D:11)
  Joseph (D:7)
  Psyche (D:8)
  2 hippogriffs
  Eustachio (D:5)
  Menkaure (D:7)
  2 porcupines (D:11)
  An orc warrior (D:10)
  2 sky beasts
  4 phantoms
  6 centaurs
  An ogre (D:9)
  2 big kobolds
  A wyvern zombie (D:9)
  2 bullfrogs
  A water moccasin zombie (D:8)
  A wyvern skeleton (D:10)
  4 killer bees (D:9)
  2 howler monkeys (D:8)
  A centaur zombie (D:5)
  A crimson imp (D:10)
  A bullfrog zombie (D:4)
  A quasit (D:9)
  5 hounds
  4 jellies
  An orc priest (D:3)
  Crazy Yiuf (D:2)
  4 orc wizards
  A bullfrog skeleton (D:10)
  2 centaur skeletons
  6 iguanas
  Jessica (D:2)
  Ijyb (D:3)
  6 worker ants
  4 gnolls (D:4)
  8 adders
  2 shadow imps
  2 oozes (D:2)
  An adder zombie (D:7)
  An adder skeleton (D:5)
  5 worms
  2 dart slugs
  3 leopard geckos
  21 orcs
  5 bats
  11 giant cockroaches
  6 goblins
  6 hobgoblins
  13 jackals
  3 quokkas
  A ball python (D:3)
  3 frilled lizards
  33 kobolds
  12 rats
  3 plants (D:6)
218 creatures vanquished.

Vanquished Creatures (others)
  5 fungi (D:11)
  2 plants (D:11)
7 creatures vanquished.

Grand Total: 225 creatures vanquished

Notes
Turn   | Place    | Note
-------+----------+-------------------------------------------
     0 | D:1      | Bluemoon111 the Gargoyle Earth Elementalist began the quest
                  | for the Orb.
     0 | D:1      | Reached XP level 1. HP: 10/10 MP: 3/3
   130 | D:1      | Reached skill level 4 in Earth Magic
   130 | D:1      | Reached XP level 2. HP: 14/15 MP: 3/5
   676 | D:1      | Reached XP level 3. HP: 11/19 MP: 4/6
  1280 | D:2      | Learned a level 3 spell: Stone Arrow
  1348 | D:2      | Reached XP level 4. HP: 24/24 MP: 8/8
  1734 | D:2      | Noticed Jessica
  1736 | D:2      | Killed Jessica
  1736 | D:2      | Reached skill level 1 in Conjurations
  1736 | D:2      | Reached skill level 5 in Earth Magic
  1795 | D:2      | Found a runed translucent door.
  1796 | D:2      | Noticed Crazy Yiuf
  1802 | D:2      | Killed Crazy Yiuf
  1802 | D:2      | Reached XP level 5. HP: 19/28 MP: 1/10
  2870 | D:3      | Learned a level 2 spell: Passwall
  2982 | D:3      | Found a glowing golden altar of the Shining One.
  3142 | D:3      | Noticed Ijyb
  3145 | D:3      | Killed Ijyb
  3145 | D:3      | Reached XP level 6. HP: 27/32 MP: 1/11
  3294 | D:3      | Reached skill level 6 in Earth Magic
  3350 | D:3      | Learned a level 5 spell: Lee's Rapid Deconstruction
  3918 | D:4      | Reached XP level 7. HP: 36/36 MP: 10/13
  4283 | D:4      | Reached skill level 1 in Armour
  4337 | D:4      | Reached skill level 1 in Fighting
  4337 | D:4      | Reached skill level 1 in Shields
  4504 | D:4      | Reached skill level 1 in Evocations
  4695 | D:5      | Entered Level 5 of the Dungeon
  4781 | D:5      | Reached skill level 1 in Maces & Flails
  4887 | D:5      | Noticed Eustachio
  4995 | D:5      | Reached XP level 8. HP: 43/43 MP: 8/15
  5014 | D:5      | Got a polished ring mail
  5401 | D:5      | Found a staircase to the Ecumenical Temple.
  5574 | Temple   | Entered the Ecumenical Temple
  5666 | Temple   | Became a worshipper of Vehumet
  5687 | D:5      | Killed Eustachio
  5756 | D:5      | Found Tuzorph's General Store.
  6031 | D:6      | Got a scorched hand axe
  6032 | D:6      | Identified the +5 hand axe of Wusah {drain, *Drain Int+7
                  | Dex+2 Stlth+} (You found it on level 6 of the Dungeon)
  6380 | D:6      | Reached skill level 7 in Earth Magic
  6446 | D:6      | Reached skill level 5 in Spellcasting
  6463 | D:6      | Reached * piety under Vehumet
  6463 | D:6      | Offered knowledge of Sting by Vehumet.
  6663 | D:6      | You fall through a shaft for 3 floors!
  6682 | D:8      | Noticed Harold
  6703 | D:8      | Killed Harold
  6703 | D:8      | Reached skill level 5 in Conjurations
  6703 | D:8      | Reached XP level 9. HP: 44/51 MP: 0/16
  7191 | D:7      | Found a shadowy altar of Dithmenos.
  7757 | D:7      | Noticed Menkaure
  7764 | D:7      | Killed Menkaure
  7855 | D:7      | Noticed Joseph
  8353 | D:7      | Killed Joseph
  8970 | D:8      | Reached XP level 10. HP: 56/56 MP: 18/18
  9035 | D:8      | Reached skill level 8 in Earth Magic
  9051 | D:8      | Reached ** piety under Vehumet
  9051 | D:8      | Offered knowledge of Throw Frost by Vehumet.
  9532 | D:8      | Noticed Psyche
  9536 | D:8      | Killed Psyche
  9640 | D:9      | Found a shimmering altar of Xom.
  9640 | D:9      | Found a shimmering altar of Xom.
  9640 | D:9      | Found a shimmering altar of Xom.
  9641 | D:9      | Found a shimmering altar of Xom.
  9642 | D:9      | Found a shimmering altar of Xom.
  9658 | D:9      | Found a staircase to the Orcish Mines.
 10373 | D:9      | Found a shimmering altar of Xom.
 10373 | D:9      | Found a shimmering altar of Xom.
 10373 | D:9      | Found a shimmering altar of Xom.
 10373 | D:9      | Noticed a deep troll
 10415 | D:9      | Found a shimmering altar of Xom.
 10835 | D:10     | Entered Level 10 of the Dungeon
 11193 | D:10     | Learned a level 3 spell: Conjure Flame
 11198 | D:10     | Learned a level 4 spell: Sticky Flame
 11960 | D:11     | Noticed a purple ugly thing
 11966 | D:11     | Killed a purple ugly thing
 11966 | D:11     | Reached skill level 5 in Fighting
 11966 | D:11     | Reached skill level 5 in Armour
 11969 | D:11     | Noticed a seven-headed hydra
 11980 | D:10     | Slain by a seven-headed hydra

Skill      XL: |  1  2  3  4  5  6  7  8  9 10 |
---------------+-------------------------------+-----
Earth Magic    | 4 5 6 7 8 |  8.6
Spellcasting   | 3 4 5 6 |  6.2
Conjurations   | 1 2 3 4 5 6 |  6.4
Armour         | 1 3 4 5 |  5.1
Fighting       | 1 3 4 5 |  5.0
Shields        | 1 3 4 |  4.0
Evocations     | 1 2 3 4 |  4.1
Maces & Flails | 1 2 3 4 |  4.4
Dodging        | 2 3 4 |  4.1
Stealth        | |  2.1
Transmutations | |  0.7

Action                   |  1- 3 |  4- 6 |  7- 9 | 10-12 || total
-------------------------+-------+-------+-------+-------++-------
Melee: Spear             |    18 |       |       |       ||    18
       Whip              |    63 |    19 |       |       ||    82
       Quarterstaff      |       |    95 |    80 |       ||   175
       Hand axe          |       |       |   198 |   141 ||   339
 Cast: Sandblast         |    16 |    24 |    28 |    16 ||    84
       Stone Arrow       |       |    10 |    20 |    16 ||    46
       Passwall          |       |     2 |       |       ||     2
       Lee's Rapid Decon |       |       |     3 |     3 ||     6
  Use: Scroll            |       |       |     5 |     6 ||    11
       Potion            |       |       |       |     1 ||     1
 Stab: Sleeping          |     6 |     5 |     6 |     1 ||    18
       Confused          |       |     1 |       |       ||     1
  Eat: Chunk             |     1 |    10 |     7 |     1 ||    19
       Ration            |       |       |     3 |     3 ||     6
Armor: Robe              |    17 |    43 |    85 |   108 ||   253
       Skin              |       |       |     4 |       ||     4
Dodge: Dodged            |    40 |    63 |   166 |   145 ||   414
Block: Buckler           |       |       |       |     1 ||     1
